cohdb
Replays
Latest Replays
All Replays
Popular Replays
Top Player Replays
Match Explorer
How It Works
Community
CoH3 Stats
Reddit
Sign in to upload your games and track your stats! →
Sign in with Steam
Match 33881161
Unlisted
Match 33881161
Overview
Messages
Build Orders
End
Construct Infanterie Kompanie
MG 42 Machine Gun Team
MG 42 Machine Gun Team
Grenadier Squad
GrW 34 Mortar Team
Medical Bunker
Construct Luftwaffe Kompanie
Jäger Squad
Jäger Squad
Support Elements
Marder III M Tank Destroyer
Wirbelwind Flakpanzer
Luftwaffe Officer Quarters
Marder III M Tank Destroyer
Marder III M Tank Destroyer
MG 42 Machine Gun Team
Jäger Squad
Construct Panzer Kompanie
Selects Breakthrough Battlegroup
Selects 2.5-tonne Cargo Truck
Selects Blitzkrieg
Sturmpanzer IV Brummbär
Medical Station
2.5-tonne Cargo Truck
Side Skirts
Wirbelwind Flakpanzer
Pioneer Squad
Pioneer Squad
Selects Tiger Heavy Tank
Jäger Squad
Ind!
Derek
boevikove
Lordadam21
merzil
NigelThornberry
AbigTerry61
gUi
0
0
Comments
sign in to comment!
No comments posted yet!